 Dungeon Crawl Stone Soup version 0.22.0 (webtiles) character file.

2352 Peloso the Shield-Bearer (level 9, -2/75 HPs)
             Began as a Minotaur Fighter on Aug 11, 2018.
             Was a Follower of Okawaru.
             Slain by Harold
             ... wielding a +0 war axe
              (16 damage)
             ... on level 7 of the Dungeon.
             The game lasted 00:18:26 (7114 turns).

Peloso the Shield-Bearer (Minotaur Fighter)         Turns: 7114, Time: 00:18:26

Health: -2/75      AC: 13    Str: 23    XL:     9   Next: 20%
Magic:  0/17       EV:  7    Int:  5    God:    Okawaru [*.....]
Gold:   400        SH: 12    Dex: 11    Spells: 8/8 levels left

rFire    . . .     SeeInvis .   z - -1 rapier (curse)
rCold    . . .     Gourm    .   c - +1 shield
rNeg     + . .     Faith    .   F - +0 plate armour
rPois    .         Spirit   +   (helmet restricted)
rElec    .         Reflect  .   (no cloak)
rCorr    .         Harm     .   (no gloves)
MR       .....                  (no boots)
Stlth    ..........             D - amulet of guardian spirit
HPRegen  0.22/turn              h - ring of positive energy
MPRegen  0.15/turn              v - ring of magical power

@: no status effects
A: retaliatory headbutt, horns 2
a: Heroism, Renounce Religion


You were on level 7 of the Dungeon.
You worshipped Okawaru.
Okawaru was aware of your devotion.
You were hungry.

You visited 2 branches of the dungeon, and saw 8 of its levels.
You also visited: Sewer.

You collected 400 gold pieces.

Inventory:

Hand Weapons
 a - a +1 long sword
 x - a cursed -1 hand axe
 z - a cursed -1 rapier (weapon)
Armour
 c - a +1 shield (worn)
 F - a +0 plate armour (worn)
Jewellery
 h - a ring of positive energy (left hand)
 r - an uncursed amulet of the acrobat
 v - a ring of magical power (right hand)
 w - an uncursed ring of magical power
 D - an amulet of guardian spirit (around neck)
Wands
 k - a wand of random effects (36)
 l - a wand of polymorph (5)
 u - a wand of digging (18)
 y - a wand of flame (27)
Scrolls
 b - a scroll of enchant armour
 e - a scroll of fog
 g - 2 scrolls of magic mapping
 n - 2 scrolls of teleportation
 B - a scroll of fear
 E - 2 scrolls of identify
Potions
 d - 3 potions of might
 i - a potion of cancellation
 j - 4 potions of curing
 m - a potion of berserk rage {unknown}
 o - 2 potions of magic {unknown}
 p - 3 potions of heal wounds {unknown}
 q - 3 potions of agility {unknown}
 s - 2 potions of degeneration {unknown}
 t - 2 potions of mutation {unknown}
 A - a potion of ambrosia {unknown}
Comestibles
 f - 11 rations


   Skills:
 + Level 6.2 Fighting
 + Level 5.7(7.0) Short Blades
 + Level 7.0(8.1) Long Blades
 + Level 6.8 Armour
 + Level 4.3 Dodging
 + Level 0.4 Stealth
 + Level 7.7 Shields
 + Level 0.1 Evocations


You had 8 spell levels left.
You didn't know any spells.
Your spell library was empty.

Dungeon Overview and Level Annotations

Branches:
Dungeon (7/15)             Temple (1/1) D:6

Altars:
Ashenzari
Cheibriados
Dithmenos
Elyvilon
Fedhas
Hepliaklqana
Kikubaaqudgha
Nemelex Xobeh
Okawaru
Qazlal
Ru
Trog
Uskayaw
Wu Jian
Xom
The Shining One
Lugonu

Annotations:
D:4 exclusion: oklob plant
D:7 Harold


Innate Abilities, Weirdness & Mutations

You reflexively headbutt those who attack you in melee.
You have a pair of horns on your head.


Message History

Harold is heavily wounded.
Harold hits you with a war axe!
* * * LOW HITPOINT WARNING * * *
You barely miss Harold.
Harold is heavily wounded.
You feel like a meek peon again.
Your shield and plate armour prevent you from hitting Harold.
Harold is heavily wounded.
You block Harold's attack.
You hit Harold but do no damage.
Harold is heavily wounded.
Harold hits you with a war axe!
* * * LOW HITPOINT WARNING * * *
You puncture Harold!
Harold is severely wounded.
You feel better. You block Harold's attack.
You hit Harold but do no damage. Your headbutt misses Harold.
Harold is severely wounded.
Harold hits you with a war axe!
You die...

#...(...##.#.# #....#
####.##>...#.#######.#
#.##.####.........#
#......##########.#
####<#.# #.#
#.#.##########.#
#.#............#
#(##############
#.@@...... ##########


You could see Harold.

Vanquished Creatures
  A porcupine (D:5)
  An orc warrior (D:6)
  2 ice beasts
  4 ogres
  A centaur (D:6)
  Blork the orc (D:5)
  3 bullfrogs
  A scorpion (D:5)
  A vampire bat (D:2)
  3 wights (D:6)
  A howler monkey (D:4)
  6 crimson imps
  A gnoll shaman (D:6)
  An orc priest (D:5)
  2 centaur skeletons
  Jessica (D:3)
  4 bullfrog skeletons
  An iguana (D:4)
  An orc wizard (D:5)
  3 worker ants
  A hound skeleton (D:4)
  A worker ant zombie (D:5)
  5 gnolls
  22 adders
  2 river rats (D:3)
  A shadow imp (D:4)
  2 adder skeletons
  5 worms
  5 dart slugs
  3 leopard geckos
  21 orcs
  9 bats
  2 bat skeletons (D:2)
  3 bat zombies (D:2)
  7 giant cockroaches
  7 hobgoblins
  18 jackals
  3 quokkas
  2 ball pythons
  8 frilled lizards
  14 kobolds
  A leopard gecko skeleton (D:4)
  A leopard gecko zombie (D:5)
  A quokka skeleton (D:7)
  15 rats
  A fungus (D:4)
  5 plants
204 creatures vanquished.

Notes
Turn   | Place    | Note
-------+----------+-------------------------------------------
     0 | D:1      | Peloso the Minotaur Fighter began the quest for the Orb.
     0 | D:1      | Reached XP level 1. HP: 19/19 MP: 0/0
   114 | D:1      | Reached XP level 2. HP: 20/27 MP: 1/1
   273 | D:1      | Reached XP level 3. HP: 22/33 MP: 2/2
   613 | D:2      | Found a snail-covered altar of Cheibriados.
   620 | D:2      | Reached XP level 4. HP: 28/40 MP: 3/3
   685 | D:2      | Found a hide-covered altar of Uskayaw.
   697 | D:2      | Reached skill level 1 in Dodging
  1301 | D:2      | Found an ancient bone altar of Kikubaaqudgha.
  1318 | D:2      | Reached XP level 5. HP: 41/46 MP: 4/4
  1451 | D:3      | Found a glowing drain.
  1623 | Sewer    | Entered a sewer
  2583 | D:3      | Found a glowing golden altar of the Shining One.
  2676 | D:3      | Reached XP level 6. HP: 53/53 MP: 5/5
  2764 | D:3      | Noticed Jessica
  2766 | D:3      | Found a sacrificial altar of Ru.
  2774 | D:3      | Killed Jessica
  2816 | D:3      | Reached skill level 5 in Long Blades
  2852 | D:3      | Reached skill level 5 in Shields
  3054 | D:4      | Found a blossoming altar of Fedhas.
  3211 | D:4      | Reached skill level 5 in Armour
  3239 | D:4      | Reached XP level 7. HP: 58/60 MP: 6/6
  3477 | D:4      | Found a shadowy altar of Dithmenos.
  3572 | D:4      | Noticed an oklob plant
  3664 | D:4      | Noticed a moth of wrath
  3668 | D:4      | Found a bloodstained altar of Trog.
  3946 | D:5      | Entered Level 5 of the Dungeon
  3980 | D:5      | Reached skill level 5 in Fighting
  4452 | D:5      | Found a hazy altar of Hepliaklqana.
  4809 | D:5      | Reached skill level 1 in Short Blades
  5017 | D:5      | Reached XP level 8. HP: 35/68 MP: 7/7
  5272 | D:5      | Found a sparkling altar of Nemelex Xobeh.
  5287 | D:5      | Noticed Blork the orc
  5295 | D:5      | Killed Blork the orc
  5365 | D:5      | Found a shimmering altar of Xom.
  5850 | D:6      | Found a staircase to the Ecumenical Temple.
  5859 | Temple   | Entered the Ecumenical Temple
  5916 | Temple   | Became a worshipper of Warmaster Okawaru
  6471 | D:6      | Reached XP level 9. HP: 58/75 MP: 8/8
  6479 | D:6      | Reached * piety under Okawaru
  6762 | D:6      | Reached skill level 5 in Short Blades
  7080 | D:7      | Noticed Harold
  7114 | D:7      | Slain by Harold

Skill      XL: |  1  2  3  4  5  6  7  8  9 |
---------------+----------------------------+-----
Fighting       | 4 5 6 |  6.2
Armour         | 4 5 6 |  6.8
Long Blades    | 3 4 5 7 |  7.0
Shields        | 4 5 7 |  7.7
Dodging        | 1 2 3 4 |  4.3
Short Blades   | 1 4 5 |  5.7
Stealth        | |  0.4
Evocations     | |  0.1

Action                   |  1- 3 |  4- 6 |  7- 9 || total
-------------------------+-------+-------+-------++-------
Melee: Long sword        |    49 |   320 |    35 ||   404
       Headbutt          |    11 |    77 |    83 ||   171
       Rapier            |       |       |   340 ||   340
Invok: Heroism           |       |       |     1 ||     1
Evoke: Wand              |       |       |     2 ||     2
  Use: Scroll            |       |     2 |    12 ||    14
       Potion            |       |       |     3 ||     3
  Eat: Chunk             |       |     7 |    14 ||    21
Armor: Scale mail        |    35 |   135 |    69 ||   239
       Plate armour      |       |       |     6 ||     6
Dodge: Dodged            |    42 |    91 |   125 ||   258
Block: Shield            |    49 |   167 |   176 ||   392
       Rpst.: Long sword |    13 |    19 |     1 ||    33
